SNL (28 & UNDER)
SANTA FE DIABLOS @ GAINESVILLE GUIDOS
08/03/2025
 
TOP OF THE 1ST
Santa Fe Diablos batting - Pitching for Gainesville Guidos : LHP Dave Blackwell
Pitching: LHP Dave Blackwell
Batting: RHB Henning Huisman 0-0: Ball
1-0: Foul Ball, location: 2F
1-1: Ball
2-1: Fly out, F7 (Flyball, 7LMF)
Batting: RHB Roberto Zamora 0-0: Ball
1-0: SINGLE (Line Drive, 6MD)
Batting: RHB Murai Ishihara 0-0: Ball
1-0: Foul Ball, location: 2F
1-1: Foul Ball, location: 2F
1-2: SINGLE (Groundball, 56D)
Roberto Zamora to second
Batting: RHB Iván Gonzáles 0-0: Swinging Strike
0-1: Called Strike
0-2: Foul Ball, location: 2F
0-2: Foul Ball, location: 2F
0-2: Ball
1-2: Ball
2-2: Fly out, F2 (Popup, 2LF)
Batting: RHB Robert Johnson 0-0: Ball
1-0: Ball
2-0: Ball
3-0: Base on Balls
Roberto Zamora to third
Murai Ishihara to second
Batting: LHB John Nicholson 0-0: Called Strike
0-1: Fly out, F7 (Flyball, 7D)
Top of the 1st over - 0 run(s), 2 hit(s), 0 error(s), 3 left on base; Santa Fe 0 - Gainesville 0
BOTTOM OF THE 1ST
Gainesville Guidos batting - Pitching for Santa Fe Diablos : RHP Darryl Carter
Pitching: RHP Darryl Carter
Batting: RHB Kyle O'Day 0-0: Swinging Strike
0-1: Ball
1-1: Fly out, F9 (Line Drive, 9S)
Batting: RHB Kurt Walter 0-0: Swinging Strike
0-1: Ball
1-1: Foul Ball, location: 2F
1-2: Foul Ball, location: 2F
1-2: Ball
2-2: Strikes out looking
Batting: LHB Ed Murray 0-0: Ground out U3 (Groundball, 3S)
Bottom of the 1st over - 0 run(s), 0 hit(s), 0 error(s), 0 left on base; Santa Fe 0 - Gainesville 0
TOP OF THE 2ND
Santa Fe Diablos batting - Pitching for Gainesville Guidos : LHP Dave Blackwell
Batting: LHB Gary Kern 0-0: Fly out, F4 (Line Drive, 4)
Batting: RHB Ánibal Gonzáles 0-0: SINGLE (Line Drive, 8LS)
Batting: LHB Don Soper 0-0: Ball
1-0: Called Strike
1-1: 2-RUN HOME RUN (Flyball, 9LD), Distance : 355 ft
Batting: RHB Henning Huisman 0-0: Foul Ball, location: 2F
0-1: Swinging Strike
0-2: Strikes out swinging
Batting: RHB Roberto Zamora 0-0: Ball
1-0: Swinging Strike
1-1: Foul Ball, location: 2F
1-2: Ball
2-2: Ball
3-2: Ground out U3 (Groundball, 3L)
Top of the 2nd over - 2 run(s), 2 hit(s), 0 error(s), 0 left on base; Santa Fe 2 - Gainesville 0
BOTTOM OF THE 2ND
Gainesville Guidos batting - Pitching for Santa Fe Diablos : RHP Darryl Carter
Batting: RHB Ben Morton 0-0: Ground out 5-3 (Groundball, 56)
Batting: LHB Eddy Jefferson 0-0: Called Strike
0-1: Ball
1-1: Ground out 4-3 (Groundball, 4)
Batting: RHB Iván Moreno 0-0: Ball
Reached via error on a dropped throw, E3
Batting: LHB António Cedeńo 0-0: Ball
1-0: Called Strike
1-1: Ball
2-1: Called Strike
2-2: Strikes out swinging
Bottom of the 2nd over - 0 run(s), 0 hit(s), 1 error(s), 1 left on base; Santa Fe 2 - Gainesville 0
TOP OF THE 3RD
Santa Fe Diablos batting - Pitching for Gainesville Guidos : LHP Dave Blackwell
Batting: RHB Murai Ishihara 0-0: Called Strike
0-1: Foul Ball, location: 2F
0-2: Ball
1-2: Foul Ball, location: 2F
1-2: Fly out, F4 (Popup, 4S)
Batting: RHB Iván Gonzáles 0-0: Called Strike
0-1: Swinging Strike
0-2: Strikes out swinging
Batting: RHB Robert Johnson 0-0: Fly out, F6 (Popup, 6D)
Top of the 3rd over - 0 run(s), 0 hit(s), 0 error(s), 0 left on base; Santa Fe 2 - Gainesville 0
BOTTOM OF THE 3RD
Gainesville Guidos batting - Pitching for Santa Fe Diablos : RHP Darryl Carter
Batting: RHB Tetsunori Ito 0-0: Ball
1-0: Swinging Strike
1-1: Ball
2-1: SINGLE (Line Drive, 56)
Batting: RHB Dave Hall 0-0: Called Strike
0-1: Called Strike
0-2: Ball
1-2: Strikes out swinging
Batting: RHB Kyle O'Day 0-0: Ball
1-0: Ball
2-0: Grounds into double play, 4-6-3 (Groundball, 4M)
Bottom of the 3rd over - 0 run(s), 1 hit(s), 0 error(s), 0 left on base; Santa Fe 2 - Gainesville 0
TOP OF THE 4TH
Santa Fe Diablos batting - Pitching for Gainesville Guidos : LHP Dave Blackwell
Batting: LHB John Nicholson 0-0: Swinging Strike
0-1: Ball
1-1: Ball
2-1: Ball
3-1: Base on Balls
Batting: LHB Gary Kern 0-0: Ball
1-0: Ball
2-0: Foul Ball, location: 2F
2-1: SINGLE (Groundball, 4MD)
John Nicholson to second
Batting: RHB Ánibal Gonzáles 0-0: Ball
1-0: Swinging Strike
1-1: Lines into TRIPLE play, 5-4-3 (Line Drive, 56)
Top of the 4th over - 0 run(s), 1 hit(s), 0 error(s), 0 left on base; Santa Fe 2 - Gainesville 0
BOTTOM OF THE 4TH
Gainesville Guidos batting - Pitching for Santa Fe Diablos : RHP Darryl Carter
Batting: RHB Kurt Walter 0-0: Called Strike
0-1: Fly out, F8 (Flyball, 8LS)
Batting: LHB Ed Murray 0-0: Ball
1-0: Called Strike
1-1: Swinging Strike
1-2: SINGLE (Line Drive, 7S)
Batting: RHB Ben Morton 0-0: Called Strike
0-1: Foul Ball, location: 2F
0-2: Ball
1-2: Ground out 4-3 (Groundball, 4M)
Ed Murray to second
Batting: LHB Eddy Jefferson 0-0: Ball
1-0: Called Strike
1-1: Swinging Strike
1-2: Ball
2-2: Strikes out swinging
Bottom of the 4th over - 0 run(s), 1 hit(s), 0 error(s), 1 left on base; Santa Fe 2 - Gainesville 0
TOP OF THE 5TH
Santa Fe Diablos batting - Pitching for Gainesville Guidos : LHP Dave Blackwell
Batting: LHB Don Soper 0-0: Ball
1-0: SINGLE (Line Drive, 78S)
Batting: RHB Henning Huisman 0-0: 2-RUN HOME RUN (Flyball, 78XD), Distance : 385 ft
Batting: RHB Roberto Zamora 0-0: Swinging Strike
0-1: Ball
1-1: Ground out 6-3 (Groundball, 56)
Batting: RHB Murai Ishihara 0-0: Ball
1-0: Swinging Strike
1-1: Ball
2-1: Hit by Pitch
Batting: RHB Iván Gonzáles 0-0: Ball
1-0: Called Strike
1-1: Fly out, F9 (Flyball, 9M)
Batting: RHB Robert Johnson 0-0: Ball
1-0: Ball
2-0: Swinging Strike
2-1: Ball
3-1: Base on Balls
Murai Ishihara to second
Batting: LHB John Nicholson 0-0: Called Strike
0-1: Foul Ball, location: 2F
0-2: Ground out 3-1 (Groundball, 34S)
Top of the 5th over - 2 run(s), 2 hit(s), 0 error(s), 2 left on base; Santa Fe 4 - Gainesville 0
BOTTOM OF THE 5TH
Gainesville Guidos batting - Pitching for Santa Fe Diablos : RHP Darryl Carter
Batting: RHB Iván Moreno 0-0: Ball
1-0: Ball
2-0: Called Strike
2-1: Foul Ball, location: 2F
2-2: Strikes out looking
Batting: LHB António Cedeńo 0-0: Ball
1-0: Called Strike
1-1: Ball
2-1: Swinging Strike
2-2: Ball
3-2: Strikes out looking
Batting: RHB Tetsunori Ito 0-0: Ball
1-0: Called Strike
1-1: Foul Ball, location: 2F
1-2: Strikes out swinging
Bottom of the 5th over - 0 run(s), 0 hit(s), 0 error(s), 0 left on base; Santa Fe 4 - Gainesville 0
TOP OF THE 6TH
Santa Fe Diablos batting - Pitching for Gainesville Guidos : LHP Dave Blackwell
Batting: LHB Gary Kern 0-0: Ball
1-0: Hit by Pitch
Pitching: LHP Ben Head
Batting: RHB Ánibal Gonzáles 0-0: Ball
Wild Pitch!
Gary Kern to second
1-0: Ball
2-0: Called Strike
2-1: Fly out, F7 (Flyball, 78D)
Batting: LHB Don Soper 0-0: Swinging Strike
0-1: Ball
1-1: Fly out, F6 (Popup, 56D)
Batting: RHB Henning Huisman 0-0: Called Strike
0-1: Called Strike
0-2: Ball
1-2: Strikes out swinging
Top of the 6th over - 0 run(s), 0 hit(s), 0 error(s), 1 left on base; Santa Fe 4 - Gainesville 0
BOTTOM OF THE 6TH
Gainesville Guidos batting - Pitching for Santa Fe Diablos : RHP Darryl Carter
Batting: RHB Dave Hall 0-0: Ball
1-0: Called Strike
1-1: Foul Ball, location: 2F
1-2: Ground out 6-3 (Groundball, 6)
Batting: RHB Kyle O'Day 0-0: Called Strike
0-1: SINGLE (Line Drive, 34D)
Batting: RHB Kurt Walter 0-0: Ball
Kyle O'Day steals 2nd base
1-0: Swinging Strike
1-1: SINGLE (Line Drive, 6MD)
Kyle O'Day to third
Runner from 3rd tries for Home, SAFE, no throw or cutoff
Batting: LHB Ed Murray 0-0: Ball
Single, Error in OF, E8, batter to second base
Kurt Walter to third
Batting: RHB Ben Morton 0-0: Ball
1-0: Fly out, F9 (Flyball, 9S)
Batting: LHB Eddy Jefferson 0-0: Ball
1-0: Ground out 6-3 (Groundball, 6)
Bottom of the 6th over - 1 run(s), 3 hit(s), 1 error(s), 2 left on base; Santa Fe 4 - Gainesville 1
TOP OF THE 7TH
Santa Fe Diablos batting - Pitching for Gainesville Guidos : LHP Ben Head
Batting: RHB Roberto Zamora 0-0: Ball
1-0: Foul Ball, location: 2F
1-1: Ball
2-1: Ball
3-1: Base on Balls
Batting: RHB Murai Ishihara 0-0: SINGLE (Flyball, 7S)
Roberto Zamora to second
Batting: RHB Iván Gonzáles 0-0: Ball
1-0: Ball
2-0: Grounds into double play, 6-4-3 (Groundball, 6)
Roberto Zamora to third
Batting: RHB Robert Johnson 0-0: Ball
1-0: Swinging Strike
1-1: Fly out, F9 (Flyball, 89S)
Top of the 7th over - 0 run(s), 1 hit(s), 0 error(s), 1 left on base; Santa Fe 4 - Gainesville 1
BOTTOM OF THE 7TH
Gainesville Guidos batting - Pitching for Santa Fe Diablos : RHP Darryl Carter
Batting: RHB Iván Moreno 0-0: Swinging Strike
0-1: Fly out, F8 (Flyball, 89M)
Batting: LHB António Cedeńo 0-0: Called Strike
0-1: Swinging Strike
0-2: Ball
1-2: Foul Ball, location: 2F
1-2: Strikes out looking
Batting: RHB Tetsunori Ito 0-0: SINGLE (Groundball, 56)
Batting: RHB Dave Hall 0-0: Fly out, F3 (Popup, 3F)
Bottom of the 7th over - 0 run(s), 1 hit(s), 0 error(s), 1 left on base; Santa Fe 4 - Gainesville 1
TOP OF THE 8TH
Santa Fe Diablos batting - Pitching for Gainesville Guidos : LHP Ben Head
Batting: LHB John Nicholson 0-0: Ball
1-0: SINGLE (Flyball, 8LS)
Batting: LHB Gary Kern 0-0: Sac Bunt - play at first, batter OUT! 2-3
John Nicholson to second
Pitching: RHP Marlon Ryan
Batting: RHB Ánibal Gonzáles 0-0: Fly out, F3 (Popup, 3F)
Batting: LHB Don Soper 0-0: Fly out, F8 (Flyball, 8RM)
Top of the 8th over - 0 run(s), 1 hit(s), 0 error(s), 1 left on base; Santa Fe 4 - Gainesville 1
BOTTOM OF THE 8TH
Gainesville Guidos batting - Pitching for Santa Fe Diablos : RHP Darryl Carter
Now in CF: Keith Jones
Batting: RHB Kyle O'Day 0-0: TRIPLE (Line Drive, 8RD)
Batting: RHB Kurt Walter 0-0: Foul Ball, location: 2F
0-1: Ball
1-1: Swinging Strike
1-2: Ball
2-2: Foul Ball, location: 2F
2-2: 2-RUN HOME RUN (Line Drive, 7LD), Distance : 354 ft
Batting: LHB Ed Murray 0-0: Ground out 4-3 (Groundball, 4M)
Batting: RHB Ben Morton 0-0: Called Strike
0-1: Fly out, F7 (Flyball, 78S)
Batting: LHB Eddy Jefferson 0-0: Ball
1-0: Ball
2-0: Ground out 6-3 (Groundball, 6)
Bottom of the 8th over - 2 run(s), 2 hit(s), 0 error(s), 0 left on base; Santa Fe 4 - Gainesville 3
TOP OF THE 9TH
Santa Fe Diablos batting - Pitching for Gainesville Guidos : RHP Marlon Ryan
Pitching: RHP Juan Mora
Batting: RHB Henning Huisman 0-0: Ball
1-0: Ball
2-0: Ball
3-0: Called Strike
3-1: Swinging Strike
3-2: Foul Ball, location: 2F
3-2: Fly out, F9 (Flyball, 9D)
Batting: RHB Roberto Zamora 0-0: Fly out, F6 (Line Drive, 56)
Batting: RHB Murai Ishihara 0-0: Called Strike
0-1: Ball
1-1: Swinging Strike
1-2: Ball
2-2: Ball
3-2: Ground out 6-3 (Groundball, 6S)
Top of the 9th over - 0 run(s), 0 hit(s), 0 error(s), 0 left on base; Santa Fe 4 - Gainesville 3
BOTTOM OF THE 9TH
Gainesville Guidos batting - Pitching for Santa Fe Diablos : RHP Darryl Carter
Pitching: RHP David Sheppard
Now at C: Michael Anderson
Pinch Hitting: LHB Ed Hart 0-0: Foul Ball, location: 2F
0-1: Ball
1-1: Ball
2-1: Ball
3-1: Foul Ball, location: 2F
3-2: Ground out 5-3 (Groundball, 5L)
Batting: LHB António Cedeńo 0-0: Ball
1-0: SINGLE (Groundball, 34D) (infield hit)
Pinch Runner at 1st Mark McDonald:
Pinch Hitting: LHB Mark Owens 0-0: Ball
1-0: Ball
2-0: Called Strike
2-1: Ball
3-1: Foul Ball, location: 2F
3-2: Strikes out swinging
Batting: RHB Dave Hall 0-0: Called Strike
0-1: Foul Ball, location: 2F
0-2: Foul Ball, location: 2F
0-2: Ball
1-2: Ball
2-2: 2-RUN HOME RUN (Flyball, 89XD), Distance : 390 ft
This league is powered by Out of the Park Baseball, the baseball management simulation game for PC, Mac and Linux
Tuesday, August 2nd, 2016 - OOTP Baseball 16.8 Build 38